 Dungeon Crawl Stone Soup version 0.30-a0-1075-gcd70e7a56d (webtiles) character file.

Game seed: 17447845893738940793

308 jasper the Digger (level 6, -2/32 HPs)
             Began as a Deep Elf Earth Elementalist on Apr 14, 2023.
             Slain by a kobold brigand
             ... wielding a +0 dagger
              (8 damage)
             ... in a sewer.
             The game lasted 00:04:56 (2482 turns).

jasper the Digger (Deep Elf Earth Elementalist)     Turns: 2482, Time: 00:04:57

Health: -2/32      AC:  2    Str:  5    XL:     6   Next: 16%
Magic:  10/15      EV: 12    Int: 22    God:
Gold:   183        SH:  0    Dex: 15    Spells: 9/15 levels left

rFire   . . .      SeeInvis .    h - +5 flail (drain)
rCold   . . .      Faith    .    (no shield)
rNeg    . . .      Spirit   .    a - +0 robe
rPois   .          Reflect  .    (no helmet)
rElec   .          Rampage  .    (no cloak)
rCorr   .                        (no gloves)
Will    .....                    (no boots)
Stlth   ++                       (no amulet)
HPRegen 0.25/turn                (no ring)
MPRegen 0.14/turn                (no ring)

@: lethally poisoned (-2 -> -3)
A: no striking features
a: no special abilities


You were in a sewer.
You visited 1 branch of the dungeon, and saw 3 of its levels.
You also visited: Sewer.

You collected 183 gold pieces.

Inventory:

Hand Weapons
 h - a +5 flail of draining (weapon)
Missiles
 d - 4 silver javelins
Armour
 a - a +0 robe (worn)
Magical Staves
 e - a staff of fire
Scrolls
 c - 3 scrolls of vulnerability
 f - a scroll of enchant weapon
 i - 2 scrolls of blinking
 j - 2 scrolls of enchant armour {unknown}
Potions
 b - a potion of magic
 g - a potion of curing
 k - 2 potions of mutation {unknown}
 l - a potion of berserk rage {unknown}
 m - 2 potions of invisibility {unknown}
 n - 2 potions of might {unknown}


   Skills:
 - Level 2.4 Dodging
 - Level 2.4 Stealth
 - Level 5.0 Spellcasting
 + Level 3.6 Conjurations
 - Level 1.1 Transmutations
 + Level 5.6 Earth Magic


You had 9 spell levels left.
You knew the following spells:

 Your Spells              Type           Power      Damage    Failure   Level
a - Sandblast             Erth           60%        2d14      1%          1
b - Passwall              Tmut/Erth      16%        N/A       3%          2
c - Stone Arrow           Conj/Erth      50%        3d10      4%          3

Your spell library contained the following spells:

 Spells                   Type           Power      Damage    Failure   Level
 Petrify                  Tmut/Erth      20%        N/A       26%         4
 Ozocubu's Armour         Ice            5%         N/A       30%         3
 Metabolic Englaciation   Hex/Ice        2%         N/A       95%         5
 Simulacrum               Ice/Necr       2%         N/A       100%        6


Dungeon Overview and Level Annotations

Branches:
Dungeon (3/15)              Sewer (1/1)

Altars:


Message History

Aim: a kobold, wielding a +0 whip and quivering stones (80% to hit)
The blast of sand hits the kobold!!
You kill the kobold!
You hear a splash. x2
You feel very sick.
You take 3 damage, and have 21/32 hp.
You now have 13/15 mp.
Aiming: Sandblast (safe; 1% risk of failure)
Press: ? - help, Q - select action, (/) - cycle Shift-Dir - straight line, f - kobold brigand
Aim: a kobold brigand, wielding a +0 dagger and quivering poisoned darts (80% to hit)
The blast of sand hits the kobold brigand!
The kobold brigand is heavily wounded.
You feel sick.
The kobold brigand hits you but does no damage.
The kobold brigand hits you with a +0 dagger.
You take 6 damage, and have 15/32 hp.
You now have 12/15 mp.
Aiming: Sandblast (safe; 1% risk of failure)
Press: ? - help, Q - select action, (/) - cycle Shift-Dir - straight line, f/p - kobold brigand
Aim: a kobold brigand, wielding a +0 dagger and quivering poisoned darts (heavily wounded, 80% to hit)
The blast of sand hits the kobold brigand!
The kobold brigand is severely wounded.
You feel sick.
The kobold brigand splashes around in the water.
You take 2 damage, and have 13/32 hp.
You now have 11/15 mp.
Aiming: Sandblast (safe; 1% risk of failure)
Press: ? - help, Q - select action, (/) - cycle Shift-Dir - straight line, f/p - kobold brigand
Aim: a kobold brigand, wielding a +0 dagger and quivering poisoned darts (severely wounded, 80% to hit)
The blast of sand hits the kobold brigand but does no damage.
The kobold brigand is severely wounded.
You feel sick. The kobold brigand barely misses you.
The kobold brigand hits you with a +0 dagger.
* * * LOW HITPOINT WARNING * * *
You take 5 damage, and have 8/32 hp.
Aiming: Sandblast (safe; 1% risk of failure)
Press: ? - help, Q - select action, (/) - cycle Shift-Dir - straight line, f/p - kobold brigand
Aim: a kobold brigand, wielding a +0 dagger and quivering poisoned darts (severely wounded, 80% to hit)
The blast of sand hits the kobold brigand.
The kobold brigand is almost dead.
You feel sick.
The kobold brigand hits you with a +0 dagger!
You die...

## ##### #.###
##~.~## # ##..~##
#.....##### ...?.
#.~...~~~~~ ~?.
#.~..~##### #K#
##...## # #@# ##~##
#.# #~# #.# #~#
##.## ##~## ##..~##
##.~~## #
#~...~####.~~.~#####
#.~.~~~~~~..~.~≈≈≈≈≈
#....~####..~~.##≈##
##.~.## ##~~~### ##


You could see a kobold brigand.

Vanquished Creatures
  A kobold brigand (Sewer)
  An orc priest (D:3)
  3 orc wizards
  Terence (D:2)
  A river rat (Sewer)
  3 adders
  A worm (D:3)
  A dart slug (D:1)
  5 orcs (D:3)
  5 bats
  6 endoplasms
  A giant cockroach (D:1)
  6 goblins
  5 hobgoblins
  4 jackals (D:1)
  2 quokkas
  8 ball pythons
  2 frilled lizards
  8 kobolds
  9 rats
73 creatures vanquished.

Notes
Turn   | Place    | Note
-------+----------+-------------------------------------------
     0 | D:1      | jasper the Deep Elf Earth Elementalist began the quest for
                  | the Orb.
     0 | D:1      | Reached XP level 1. HP: 10/10 MP: 6/6
   155 | D:1      | Reached XP level 2. HP: 15/15 MP: 3/8
   635 | D:1      | Reached XP level 3. HP: 19/19 MP: 6/10
   640 | D:1      | Learned a level 2 spell: Passwall
   644 | D:1      | Learned a level 3 spell: Stone Arrow
  1404 | D:2      | Noticed Terence
  1414 | D:2      | Killed Terence
  1415 | D:2      | Reached skill level 1 in Conjurations
  1415 | D:2      | Reached XP level 4. HP: 20/24 MP: 5/12
  1923 | D:2      | Reached skill level 5 in Spellcasting
  1954 | D:3      | Reached XP level 5. HP: 28/28 MP: 9/14
  2022 | D:3      | Reached skill level 5 in Earth Magic
  2085 | D:3      | Found a glowing drain.
  2099 | Sewer    | Entered a sewer
  2374 | Sewer    | Reached XP level 6. HP: 24/32 MP: 10/15
  2482 | Sewer    | Slain by a kobold brigand

Illustrated notes

Levels and vault maps discovered:
D:1:      nzn_arrival_settlement, layout_basic
D:2:      layout_basic, uniq_terence
D:3:      layout_basic, mainiacjoe_overflow_catwalk_spiral,
          cheibrodos_sewer_entry_drain
Sewer:    sewer_co_15_rooms

Skill      XL: |  1  2  3  4  5 |
---------------+----------------+-----
Spellcasting   | 4 5 |  5.0
Earth Magic    | 4 5 |  5.6
Conjurations   | 1 2 3 |  3.6
Dodging        | |  2.4
Stealth        | |  2.4
Transmutations | |  1.1

Action                     |  1- 3 |  4- 6 || total
---------------------------+-------+-------++-------
  Melee: Flail             |       |     2 ||     2
   Cast: Sandblast         |    53 |    64 ||   117
    Use: Scroll            |     5 |     4 ||     9
         Potion            |       |     1 ||     1
 Armour: Robe              |     2 |     5 ||     7
  Dodge: Dodged            |     8 |    12 ||    20

Table legend: (Time is in decaauts)
 A = Elapsed time spent in this place.
 B = Non-inter-level travel time spent in this place.
 C = Inter-level travel time spent in this place.
 D = Time resting spent in this place.
 E = Time spent auto-exploring this place.
 F = Levels seen in this place.
 G = Mean time per level.
                   A        B        C        D        E       F      G
               +--------+--------+--------+--------+--------+-----+--------+
         Total |   2598 |   2562 |     36 |    214 |   1948 |   4 |  649.5 |
       Dungeon |   2146 |   2110 |     36 |    214 |   1586 |   3 |  715.3 |
         Sewer |    452 |    452 |      0 |      0 |    362 |   1 |  452.0 |
               +--------+--------+--------+--------+--------+-----+--------+

Top non-repeatable levels by time:
     D:1: 1194 daAuts
     D:2: 737 daAuts
   Sewer: 452 daAuts
     D:3: 214 daAuts
